 Dungeon Crawl Stone Soup version 0.21.1-1-g345015f (webtiles) character file.

153 troglodite the Skirmisher (level 5, -5/42 HPs)
             Began as a Demonspawn Berserker on Feb 19, 2018.
             Was a Priest of Trog.
             Killed from afar by an orc wizard (6 damage)
             ... with a magic dart
             ... on level 3 of the Dungeon.
             The game lasted 00:05:15 (2058 turns).

troglodite the Skirmisher (Demonspawn Berserker)    Turns: 2058, Time: 00:05:15

Health: -5/42      AC:  8    Str: 22    XL:     5   Next: 12%
Magic:  5/5        EV: 12    Int:  8    God:    Trog [***...]
Gold:   135        SH:  0    Dex: 16    Spells: 4/4 levels left

rFire    . . .     SeeInvis .   a - +0 falchion
rCold    . . .     Gourm    .   (no shield)
rNeg     . . .     Faith    .   g - +0 ring mail
rPois    .         Spirit   .   (no helmet)
rElec    .         Reflect  .   (no cloak)
rCorr    .         Harm     .   (no gloves)
MR       .....                  k - +2 pair of boots
Stlth    ++........             (no amulet)
HPRegen  0.14/turn              r - +5 ring of strength
MPRegen  0.09/turn              m - ring of stealth

@: confused, berserk cooldown, slowed, very slow
A: thin skeletal structure 1, powered by death 2
a: Berserk, Trog's Hand, Burn Spellbooks, Renounce Religion


You were on level 3 of the Dungeon.
You worshipped Trog.
Trog was most pleased with you.
You were hungry.

You visited 1 branch of the dungeon, and saw 3 of its levels.

You collected 135 gold pieces.

Inventory:

Hand Weapons
 a - a +0 falchion (weapon)
Armour
 g - a +0 ring mail (worn)
 k - a +2 pair of boots (worn)
Jewellery
 b - an uncursed ring of magical power
 m - a ring of stealth (right hand)
 r - a +5 ring of strength (left hand)
Scrolls
 h - a scroll of amnesia {unknown}
 i - 3 scrolls of remove curse {unknown}
 j - 4 scrolls of identify {unknown}
 l - 2 scrolls of teleportation {unknown}
 p - 4 scrolls of fog {unknown}
 s - a scroll of immolation {unknown}
 t - a scroll of fear {unknown}
Potions
 d - a potion of magic {unknown}
 e - a potion of lignification {unknown}
 n - a potion of agility {unknown}
 o - 3 potions of invisibility {unknown}
 q - 2 potions of curing {unknown}
Comestibles
 c - 5 rations
 f - 6 chunks of flesh


   Skills:
 * Level 3.8 Fighting
 + Level 3.6 Long Blades
 * Level 2.7 Armour
 * Level 2.7 Dodging
 + Level 0.2 Stealth


You had 4 spell levels left.
You didn't know any spells.

Dungeon Overview and Level Annotations

Branches:
Dungeon (3/15)

Altars:


Innate Abilities, Weirdness & Mutations

You have a somewhat thin skeletal structure. (Dex +2, Stealth)
You regenerate health from kills.


Message History

You bump into the rock wall.
The orc hits you from afar with a trident.
* * * LOW HITPOINT WARNING * * *
Something hits you but does no damage. The orc hits you but does no damage.
You hit something.
You hear some strange, mumbled words.
A magic dart appears from out of thin air!
The magic dart hits you!
* * * LOW HITPOINT WARNING * * *
The orc closely misses you. Something hits you but does no damage.
You miss something. The orc hits you but does no damage.
You hear some strange, mumbled words.
You are more confused.
The orc hits you but does no damage.
You bump into the dead tree.
Something barely misses you. The orc barely misses you.
You hear some strange, mumbled words.
A magic dart appears from out of thin air!
The magic dart hits you!
You die...

####...........# #.#
#..........)# #.#
#...........#########.#
####.######.........#.#
#.# #.........#.# #.#
##......(..#.#
#.#####......♣.. #..
#.#...♣..♣....♣♣ ###
#.)@{♣♣.♣♣♣♣♣♣...
###[♣o♣.♣...♣♣ .. #
#.♣.♣♣.♣♣♣.♣♣ # # ##.
♣.♣♣♣.♣.♣♣.# #
.♣♣♣♣♣.♣♣♣...# # .♣
♣....♣.♣♣.# # ..
♣♣♣♣_♣♣.### # .. ♣.
♣♣♣♣♣.# # ...♣.♣♣♣♣♣.#
#


You could see an orc.

Vanquished Creatures
  2 orc wizards (D:3)
  2 adders (D:3)
  A worm (D:3)
  2 leopard geckos (D:3)
  10 orcs (D:3)
  2 ball pythons
  5 giant cockroaches
  7 goblins
  6 hobgoblins
  3 jackals (D:2)
  2 quokkas (D:3)
  4 bats
  A frilled lizard (D:1)
  4 kobolds
  8 rats
59 creatures vanquished.

Notes
Turn   | Place    | Note
-------+----------+-------------------------------------------
     0 | D:1      | troglodite the Demonspawn Berserker began the quest for the Orb.
     0 | D:1      | Reached XP level 1. HP: 18/18 MP: 1/1
   177 | D:1      | Gained mutation: You regenerate a little health from kills. [demonic ancestry]
   177 | D:1      | Reached XP level 2. HP: 23/24 MP: 2/2
   691 | D:2      | Reached ** piety under Trog
   938 | D:2      | Reached XP level 3. HP: 24/29 MP: 3/3
  1394 | D:3      | Gained mutation: You have a somewhat thin skeletal structure. (Dex +2, Stealth) [demonic ancestry]
  1394 | D:3      | Reached XP level 4. HP: 37/37 MP: 4/4
  1911 | D:3      | Reached *** piety under Trog
  1987 | D:3      | Found a faded altar of an unknown god.
  2037 | D:3      | Gained mutation: You regenerate health from kills. [demonic ancestry]
  2037 | D:3      | Reached XP level 5. HP: 13/42 MP: 5/5
  2056 | D:3      | HP: 1/42 [something/magic dart (3)]
  2058 | D:3      | Killed from afar by an orc wizard

Skill      XL: |  1  2 |
---------------+-------+-----
Long Blades    | 3 |  3.6
Armour         | 2 |  2.7
Dodging        | 2 |  2.7
Fighting       | |  3.8
Stealth        | |  0.2

Action                   |  1- 3 |  4- 6 || total
-------------------------+-------+-------++-------
Melee: Falchion          |   112 |    81 ||   193
Invok: Berserk           |     1 |     1 ||     2
 Stab: Sleeping          |     1 |       ||     1
  Eat: Chunk             |     2 |     3 ||     5
Armor: Animal skin       |     4 |       ||     4
       Ring mail         |    77 |    44 ||   121
Dodge: Dodged            |   113 |    69 ||   182
       Rpst.: Falchion   |    32 |    15 ||    47
